[Event "Titled Tuesday Blitz August 09 Early 2022"]
[White "Bryakin, Mikhail"]
[Black "Samant Aditya S"]
[WhiteFideId "4165314"]
[BlackFideId "35080580"]
[WhiteElo "2782"]
[BlackElo "2650"]
[Result "1-0"]
[Round "08"]
[TimeControl "180+1"]
[Date "2022.08.09"]
[WhiteClock "0:00:06"]
[BlackClock "0:00:05"]

1. e4 c5 2. b3 b6 3. Bb2 Bb7 4. Qe2 e6 5. Nf3 Nc6 6. Nc3 Nd4 7. Nxd4 cxd4 8. Nb5 e5 9. a4 Nf6 10. f3 Bc5 11. g3 O-O 12. Bg2 d5 13. d3 a6 14. Na3 Bb4+ 15. Kf2 Rc8 16. Rhc1 Re8 17. Kg1 Qc7 18. Nb1 Bc5 19. Nd2 Bb4 20. Nf1 Bc3 21. Bxc3 Qxc3 22. Qd2 Rc7 23. Qe2 Qb4 24. h4 Qd6 25. Kh2 Rec8 26. Bh3 Rd8 27. Nd2 Rc3 28. Nb1 Rc7 29. Nd2 Bc8 30. Bg2 Bb7 31. Nf1 Rdc8 32. g4 Rc3 33. Rab1 dxe4 34. fxe4 R8c5 35. g5 Nd7 36. Ng3 Qc7 37. Rb2 Nf8 38. Bh3 Bc8 39. Bxc8 Qxc8 40. Nf5 Qc7 41. Kg3 Ne6 42. b4 Rc6 43. b5 axb5 44. axb5 R6c5 45. Ra2 Qd8 46. Ra7 Nf4 47. Qg4 Nxd3 48. Ne7+ Kh8 49. Rf1 Nf4+ 50. Kh2 Rxc2+ 51. Kh1 Rc7 52. Rxc7 Qxc7 53. Nc6 Rc3 54. Qf5 Rc5 55. Ra1 h6 56. g6 fxg6 57. Ra8+ Kh7 58. Qf8 Rc1+ 59. Kh2 Rc2+ 60. Kg3 Rc3+ 61. Kf2 Rc2+ 62. Ke1 g5 63. h5 Nxh5 64. Qf5+ g6 65. Qf8 Qg7 66. Qe8 Rc1+ 67. Kd2 Rc3 68. Ra7 Nf4 69. Rxg7+ Kxg7 70. Qe7+ Kg8 71. Qe8+ Kh7 72. Qf7+ Kh8 73. Ne7 Rc8 74. Nxc8 1-0


[Site "https://www.chess.com"]

[Event "Titled Tuesday Blitz August 09 Early 2022"]
[White "Buscar, Michael"]
[Black "Kaufman, Raymond"]
[WhiteFideId "2603616"]
[BlackFideId "2015056"]
[WhiteElo "2010"]
[BlackElo "2321"]
[Result "1/2-1/2"]
[Round "08"]
[TimeControl "180+1"]
[Date "2022.08.09"]
[WhiteClock "0:00:13"]
[BlackClock "0:00:08"]

1. d4 d5 2. c4 e6 3. Nc3 a6 4. cxd5 exd5 5. Qc2 Nf6 6. Bg5 Be7 7. e3 h6 8. Bh4 O-O 9. Bd3 c5 10. dxc5 d4 11. exd4 Qxd4 12. Nf3 Qxc5 13. O-O Nc6 14. a3 Be6 15. Rac1 Rac8 16. Rfe1 Nd4 17. Nxd4 Qxd4 18. Bg3 Rfd8 19. Bf5 Bxf5 20. Qxf5 Bc5 21. Be5 Qg4 22. Qf4 Qxf4 23. Bxf4 Ng4 24. Ne4 Bd4 25. h3 Nf6 26. Nxf6+ Bxf6 27. Rxc8 Rxc8 28. Be5 Bxe5 29. Rxe5 Rc1+ 30. Kh2 Rc2 31. b4 Rxf2 32. Re7 Ra2 33. Rxb7 Rxa3 34. b5 axb5 35. Rxb5 g6 36. Rc5 h5 37. Rc7 Kg7 38. Rc4 g5 39. h4 f6 40. hxg5 fxg5 41. Rc6 Rd3 42. Rb6 h4 43. Ra6 Rd4 44. Kh3 Rf4 45. Rb6 Rf1 46. Kg4 Rg1 47. Kxg5 h3 48. Rb7+ Kf8 49. Rh7 hxg2 50. Rh2 Kg7 51. Kg4 Kg6 52. Kg3 Kg5 53. Kf2 Ra1 54. Rxg2+ Kf4 55. Rg8 Ra2+ 56. Ke1 Ra1+ 57. Kd2 Ra2+ 58. Kc3 Ra3+ 59. Kb4 Re3 60. Kc4 Re4+ 61. Kd5 Re5+ 62. Kd6 Re2 63. Rf8+ Ke3 64. Kd5 Rd2+ 65. Ke5 Ra2 66. Rh8 Ra5+ 67. Kd6 1/2-1/2


[Site "https://www.chess.com"]

[Event "Titled Tuesday Blitz August 09 Early 2022"]
[White "Chyzy, Jakub"]
[Black "Fiorito, Joaquin"]
[WhiteFideId "21806209"]
[BlackFideId "180173"]
[WhiteElo "2023"]
[BlackElo "1758"]
[Result "1-0"]
[Round "08"]
[TimeControl "180+1"]
[Date "2022.08.09"]
[WhiteClock "0:01:05"]
[BlackClock "0:00:32"]

1. b3 d5 2. Bb2 c5 3. e3 Nc6 4. f4 Nf6 5. Bb5 Bd7 6. Nf3 g6 7. O-O Bg7 8. Bxc6 Bxc6 9. Ne5 Rc8 10. d3 O-O 11. Nd2 b5 12. Ndf3 Bb7 13. a4 a6 14. axb5 axb5 15. Qd2 c4 16. Bd4 Ra8 17. Rxa8 Bxa8 18. Ra1 e6 19. Ra7 Qb8 20. Qa5 cxd3 21. cxd3 Qc8 22. Rc7 Qd8 23. Qa7 Qe8 24. Ng5 Qb8 25. Nexf7 Qxa7 26. Rxa7 h6 27. Nxe6 Rxf7 28. Rxa8+ Kh7 29. Nxg7 Kxg7 30. Ra6 1-0


[Site "https://www.chess.com"]

[Event "Titled Tuesday Blitz August 09 Early 2022"]
[White "Daeschler, Florian"]
[Black "Garrido, Denis"]
[WhiteFideId "20678193"]
[BlackFideId "601217"]
[WhiteElo "2187"]
[BlackElo "2338"]
[Result "0-1"]
[Round "08"]
[TimeControl "180+1"]
[Date "2022.08.09"]
[WhiteClock "0:00:40"]
[BlackClock "0:00:17"]

1. e4 e5 2. Nf3 Nc6 3. Bc4 Nf6 4. d3 Bc5 5. c3 a6 6. a4 d6 7. Nbd2 Ba7 8. Nf1 O-O 9. Be3 Be6 10. Bxa7 Rxa7 11. Ne3 d5 12. exd5 Nxd5 13. Nxd5 Bxd5 14. Bxd5 Qxd5 15. O-O Rd8 16. Re1 Raa8 17. Qe2 Qxd3 18. Nxe5 Qxe2 19. Rxe2 Re8 20. Rae1 Rad8 21. g3 Nxe5 22. Rxe5 Rxe5 23. Rxe5 Kf8 24. b4 Rd6 25. Rc5 c6 26. Kf1 Ke7 27. Ke2 Ke6 28. f4 g6 29. Re5+ Kf6 30. Re8 h5 31. Rb8 Rd7 32. Ke3 Kf5 33. h3 Re7+ 34. Kf3 Rd7 35. g4+ hxg4+ 36. hxg4+ Kf6 37. Ke3 Ke6 38. Ke4 f5+ 39. gxf5+ gxf5+ 40. Ke3 Kd5 41. Kd3 Ke6+ 42. Kc4 Kd6 43. a5 Re7 44. Kd3 Rd7 45. Ke3 Re7+ 46. Kd3 Rd7 47. c4 Kc7+ 0-1


[Site "https://www.chess.com"]

[Event "Titled Tuesday Blitz August 09 Early 2022"]
[White "De Souza, Cristiano Gomes"]
[Black "Vazquez Espino, Uriel"]
[WhiteFideId "2151758"]
[BlackFideId "5119138"]
[WhiteElo "2068"]
[BlackElo "2379"]
[Result "0-1"]
[Round "08"]
[TimeControl "180+1"]
[Date "2022.08.09"]
[WhiteClock "0:00:14"]
[BlackClock "0:00:20"]

1. d4 Nf6 2. c4 e6 3. Nf3 Bb4+ 4. Bd2 Qe7 5. Nc3 Bxc3 6. Bxc3 Ne4 7. Rc1 b6 8. e3 Bb7 9. Be2 d6 10. O-O Nxc3 11. Rxc3 c5 12. Qd2 O-O 13. a3 Nd7 14. b4 Nf6 15. Rcc1 Ne4 16. Qb2 f5 17. Nd2 Rf6 18. f3 Ng5 19. Rfd1 Rg6 20. Kh1 Rf8 21. Nf1 f4 22. e4 Nh3 23. Rd2 Qg5 24. g3 fxg3 25. Nxg3 Qe3 26. Qc3 Qh6 27. dxc5 Rxg3 28. hxg3 Nf2+ 29. Kg2 Nxe4 30. Qd3 Qxd2 31. Qxd2 Nxd2 32. cxd6 Nxf3 33. Bxf3 Bxf3+ 34. Kg1 Rd8 35. c5 bxc5 36. bxc5 Bc6 37. Kf2 Kf7 38. Ke3 e5 39. Rf1+ Ke6 40. a4 Kd5 41. Rc1 Rb8 42. Rc3 Rb2 43. a5 Ra2 44. d7 Bxd7 45. Rd3+ Kc6 46. Rd6+ Kc7 47. Ke4 Rxa5 48. Kxe5 Rxc5+ 49. Rd5 Rxd5+ 50. Kxd5 a5 0-1


[Site "https://www.chess.com"]

[Event "Titled Tuesday Blitz August 09 Early 2022"]
[White "Degardin, Sylvain"]
[Black "Large, Peter G"]
[WhiteFideId "20623070"]
[BlackFideId "400866"]
[WhiteElo "2146"]
[BlackElo "2064"]
[Result "0-1"]
[Round "08"]
[TimeControl "180+1"]
[Date "2022.08.09"]
[WhiteClock "0:00:07"]
[BlackClock "0:00:07"]

1. d4 e6 2. Bf4 Nf6 3. e3 Be7 4. Bd3 b6 5. Qf3 c6 6. g4 Ba6 7. g5 Nd5 8. Be5 Bxd3 9. cxd3 f6 10. gxf6 Bxf6 11. Nc3 O-O 12. Qg3 Na6 13. a3 Nxc3 14. bxc3 c5 15. Ne2 cxd4 16. cxd4 Rc8 17. O-O Nc7 18. Nf4 d6 19. Bxf6 Rxf6 20. Kh1 e5 21. Rg1 Qf8 22. dxe5 dxe5 23. Nh3 Rg6 24. Ng5 h6 25. Qxe5 Rxg5 26. Rxg5 hxg5 27. Rc1 Qf6 28. Qg3 Qe7 29. Qg4 Rf8 30. Rc6 Ne8 31. Re6 Qxa3 32. Qc4 Kh8 33. Kg2 Qb2 34. Qe4 Qxf2+ 35. Kh3 Qf3+ 36. Qxf3 Rxf3+ 37. Kg4 Rf8 38. Kxg5 Kh7 39. Re7 a5 40. Rb7 Rf6 41. e4 Rd6 42. e5 Rxd3 43. Rxb6 Rd5 44. Kf5 Nc7 45. Ke4 Rd2 46. Rb7 Na6 47. e6 Nc5+ 48. Ke3 Nxb7 49. Kxd2 Kg6 50. Kc3 Kf6 51. Kc4 Kxe6 52. Kb5 Kd5 53. h3 g5 54. Ka4 Kc4 55. Ka3 Nc5 56. Kb2 Kb4 57. Ka2 a4 58. Kb2 a3+ 59. Ka2 Ka4 60. Kb1 Ne4 61. Ka1 Nf2 62. Ka2 Nxh3 0-1


[Site "https://www.chess.com"]

[Event "Titled Tuesday Blitz August 09 Early 2022"]
[White "Dev, Shah"]
[Black "Mathieu, Phileas"]
[WhiteFideId "35019058"]
[BlackFideId "36048410"]
[WhiteElo "2650"]
[BlackElo "2434"]
[Result "0-1"]
[Round "08"]
[TimeControl "180+1"]
[Date "2022.08.09"]
[WhiteClock "0:00:26"]
[BlackClock "0:00:13"]

1. d4 Nf6 2. c4 c5 3. d5 b5 4. cxb5 a6 5. bxa6 g6 6. Nc3 Bg7 7. e4 O-O 8. a7 Rxa7 9. Nf3 e6 10. Be2 exd5 11. exd5 d6 12. O-O Ba6 13. Bxa6 Nxa6 14. Bf4 Re8 15. Nb5 Rd7 16. a3 Ne4 17. Qa4 Nc7 18. Nxc7 Rxc7 19. Rae1 Rce7 20. Ng5 Nc3 21. bxc3 Rxe1 22. g3 Bxc3 23. Nf3 Rxf1+ 24. Kxf1 Be5 25. Nxe5 dxe5 26. Bg5 Qa8 27. Qc4 Qxa3 28. d6 Qa7 29. Qb5 Rf8 30. d7 Qa1+ 31. Kg2 Qd4 32. Be7 Qd5+ 33. Kg1 Ra8 34. d8=Q+ Rxd8 35. Bxd8 Qxd8 36. Qxc5 Qf6 37. Qd5 Kg7 38. Kg2 h5 39. h4 Qf5 40. Qc5 Qe6 41. Qc3 Qd6 42. Kg1 Kf6 43. Qf3+ Ke6 44. Qb3+ Qd5 45. Qb6+ Kf5 46. Qb8 Kg4 47. Qc8+ f5 48. Qa6 Qf3 49. Qxg6+ Kh3 50. Kf1 Qd1# 0-1


[Site "https://www.chess.com"]

[Event "Titled Tuesday Blitz August 09 Early 2022"]
[White "Devaev, Alexander"]
[Black "Rangel, Daniel"]
[WhiteFideId "4169395"]
[BlackFideId "2124475"]
[WhiteElo "2185"]
[BlackElo "2225"]
[Result "0-1"]
[Round "08"]
[TimeControl "180+1"]
[Date "2022.08.09"]
[WhiteClock "0:00:06"]
[BlackClock "0:00:18"]

1. d4 Nf6 2. c4 g6 3. Nc3 Bg7 4. e4 O-O 5. Nf3 c6 6. h3 d5 7. e5 Ne4 8. Bd3 Nxc3 9. bxc3 c5 10. cxd5 cxd4 11. c4 Na6 12. O-O Nc5 13. Bf4 b5 14. Nxd4 Nxd3 15. Qxd3 bxc4 16. Qxc4 Bb7 17. Nc6 Qd7 18. Rac1 Rfc8 19. Qc5 Bf8 20. Qb5 e6 21. dxe6 fxe6 22. Nxa7 Qxb5 23. Nxb5 Rxc1 24. Rxc1 Rxa2 25. Nd6 Bd5 26. Rc8 Ra8 27. Rc1 Bg7 28. f3 h6 29. Rc2 g5 30. Bg3 Ra7 31. Rc8+ Kh7 32. Ne8 Ra1+ 33. Kh2 Ra2 34. Rc7 Bxf3 35. Rxg7+ Kh8 0-1


[Site "https://www.chess.com"]

[Event "Titled Tuesday Blitz August 09 Early 2022"]
[White "Drozdowski, Kacper"]
[Black "Donchenko, Alexander"]
[WhiteFideId "1136720"]
[BlackFideId "24603295"]
[WhiteElo "2958"]
[BlackElo "2824"]
[Result "1/2-1/2"]
[Round "08"]
[TimeControl "180+1"]
[Date "2022.08.09"]
[WhiteClock "0:00:43"]
[BlackClock "0:00:50"]

1. e4 c6 2. d4 d5 3. e5 Bf5 4. Nf3 e6 5. Be2 Ne7 6. O-O c5 7. Be3 Nec6 8. c3 Nd7 9. Nbd2 Be7 10. Re1 O-O 11. Nf1 cxd4 12. cxd4 Bg6 13. Ng3 Nb6 14. Rc1 Rc8 15. Bd3 Bxd3 16. Qxd3 Nb4 17. Qb3 Nc4 18. a3 Nc6 19. Rc2 N6a5 20. Qd3 Qb6 21. Ree2 Nxe3 22. fxe3 Rc4 23. b4 Rxc2 24. Rxc2 Nc4 25. Nd2 Nxd2 26. Qxd2 Qa6 27. Qc3 Bg5 28. Qb3 h6 29. Nf1 f6 30. exf6 Rxf6 31. Rf2 Qc6 32. Rxf6 Bxf6 33. Kf2 Qc1 34. Ke2 Bh4 35. g3 Bg5 36. a4 a6 37. b5 a5 38. Qd1 Qc4+ 39. Kf3 Be7 40. h4 Bb4 41. h5 Bc3 42. Nh2 Bb4 43. Ng4 Bd6 44. Nf2 Qc7 45. g4 Qf7+ 46. Kg2 Qf6 47. Qf3 Qh4 48. Kf1 Qd8 49. e4 Qg5 50. exd5 exd5 51. Qe2 Bg3 52. Qe6+ Kh7 53. Nd3 Qd2 54. Qf5+ Kh8 55. Qf8+ Kh7 56. Qf5+ Kh8 57. Qf3 Bd6 58. Qf5 Bg3 1/2-1/2


[Site "https://www.chess.com"]

[Event "Titled Tuesday Blitz August 09 Early 2022"]
[White "Drygalov, Sergey"]
[Black "Livaic, Leon"]
[WhiteFideId "24171743"]
[BlackFideId "14531534"]
[WhiteElo "2840"]
[BlackElo "2881"]
[Result "1-0"]
[Round "08"]
[TimeControl "180+1"]
[Date "2022.08.09"]
[WhiteClock "0:00:08"]
[BlackClock "0:00:02"]

1. d4 Nf6 2. c4 e6 3. Nc3 d5 4. Nf3 a6 5. cxd5 exd5 6. Bg5 Be6 7. e3 Nbd7 8. Bd3 Bd6 9. O-O c6 10. Nd2 Qc7 11. f4 h6 12. Bh4 g5 13. Bg3 Bg4 14. Qc2 Rg8 15. Rac1 gxf4 16. Bxf4 Bh3 17. Rf2 Bxf4 18. exf4 O-O-O 19. Bf1 Rg7 20. Nf3 Ng4 21. Re2 Nb6 22. Qf5+ Kb8 23. Rce1 Nc4 24. Qh5 Bxg2 25. Rxg2 Qxf4 26. Bxc4 Qxf3 27. Bf1 Rdg8 28. h3 Nh2 29. Qe5+ Ka7 30. Qxh2 Rxg2+ 31. Bxg2 Qd3 32. Kh1 Qxd4 33. Qg1 Qb6 34. Rf1 d4 35. Ne4 c5 36. Nd2 Qb5 37. Rxf7 Qd3 38. Rxb7+ Ka8 39. Rg7+ 1-0


[Site "https://www.chess.com"]

[Event "Titled Tuesday Blitz August 09 Early 2022"]
[White "Dubov, Daniil"]
[Black "Andreikin, Dmitry"]
[WhiteFideId "24126055"]
[BlackFideId "4158814"]
[WhiteElo "3004"]
[BlackElo "3114"]
[Result "1/2-1/2"]
[Round "08"]
[TimeControl "180+1"]
[Date "2022.08.09"]
[WhiteClock "0:00:03"]
[BlackClock "0:00:05"]

1. e4 c5 2. Nf3 e6 3. c3 d5 4. exd5 exd5 5. d4 Nc6 6. Bb5 Bd6 7. O-O Ne7 8. dxc5 Bxc5 9. Re1 O-O 10. Nbd2 Bxf2+ 11. Kxf2 Qb6+ 12. Nd4 Nxd4 13. cxd4 Nf5 14. Ba4 Nxd4 15. Kf1 Be6 16. Nb3 Nf5 17. g4 Qa6+ 18. Kg1 Qxa4 19. gxf5 Bxf5 20. Nd4 Qd7 21. Nxf5 Qxf5 22. Qd4 Rac8 23. Qf4 Qg6+ 24. Qg3 Qb6+ 25. Be3 d4 26. Bf2 Rc6 27. Qf3 Rf6 28. Qe4 Qxb2 29. Bxd4 Rg6+ 30. Kh1 Qa3 31. Rad1 h6 32. Rg1 Qxa2 33. Rxg6 fxg6 34. Rg1 g5 35. Qxb7 Rf7 36. Qg2 Qc4 37. Qa8+ Rf8 38. Qe4 Rd8 39. Rd1 a5 40. Qe5 Qd5+ 41. Qxd5+ Rxd5 42. Kg2 Kh7 43. Kf3 Kg6 44. Ke4 Rd7 45. Ra1 Re7+ 46. Be5 Ra7 47. Ra4 Ra6 48. h3 Ra8 49. Bc3 Re8+ 50. Be5 Ra8 51. Bc3 Re8+ 52. Be5 Ra8 1/2-1/2


[Site "https://www.chess.com"]

[Event "Titled Tuesday Blitz August 09 Early 2022"]
[White "Ekdyshman, Mikhail"]
[Black "Veiga, Jose Francisco R P Neves"]
[WhiteFideId "4149416"]
[BlackFideId "1930087"]
[WhiteElo "2146"]
[BlackElo "2273"]
[Result "1-0"]
[Round "08"]
[TimeControl "180+1"]
[Date "2022.08.09"]
[WhiteClock "0:00:10"]
[BlackClock "0:01:10"]

1. e4 Nc6 2. Nf3 e5 3. Nc3 Nf6 4. d4 exd4 5. Nxd4 Bb4 6. Nxc6 bxc6 7. Bd3 O-O 8. O-O d5 9. exd5 Bg4 10. Ne2 cxd5 11. h3 Bh5 12. c3 Be7 13. Qc2 Bg6 14. Bxg6 hxg6 15. Rd1 c6 16. Nd4 Qb6 17. Be3 Qb7 18. b4 Rfe8 19. Nb3 Bd6 20. Bd4 Ne4 21. f3 Ng3 22. Rd2 Qb5 23. Bf2 Qc4 24. Nd4 Re7 25. Qd3 Ne2+ 26. Kf1 Qxd3 27. Rxd3 Nxd4 28. Rxd4 a5 29. a4 Rb7 30. b5 Bc5 31. bxc6 Rc7 32. Rxd5 Bxf2 33. Kxf2 Rxc6 34. Rc1 Rac8 35. Rxa5 Rxc3 36. Rxc3 Rxc3 37. Ra8+ Kh7 38. h4 Ra3 39. Kg3 f6 40. Kf4 Ra2 41. g4 Rh2 42. Kg3 Ra2 43. a5 Ra4 44. a6 g5 45. h5 g6 46. a7 gxh5 47. gxh5 Kg7 48. h6+ Kh7 49. Kf2 Ra3 50. Ke2 Rb3 51. Rb8 Ra3 52. a8=Q Rxa8 53. Rxa8 Kxh6 54. Ra6 Kh5 55. Ke3 Kh4 56. Kf2 f5 57. Ra4+ f4 58. Rb4 Kh3 59. Rb5 g4 60. fxg4 Kxg4 61. Rb4 Kg5 62. Kf3 1-0


[Site "https://www.chess.com"]

[Event "Titled Tuesday Blitz August 09 Early 2022"]
[White "Eynullayev, Atilla"]
[Black "Rios Escobar, Adan"]
[WhiteFideId "13413570"]
[BlackFideId "3403645"]
[WhiteElo "1936"]
[BlackElo "2406"]
[Result "0-1"]
[Round "08"]
[TimeControl "180+1"]
[Date "2022.08.09"]
[WhiteClock "0:02:52"]
[BlackClock "0:01:19"]

1. d4 Nf6 2. c4 g6 3. Nc3 Bg7 4. e4 d6 5. Be2 O-O 6. Be3 Nc6 7. d5 Ne5 8. f4 Neg4 9. Bd2 e5 10. h3 Nh6 11. Nf3 exf4 12. Bxf4 Nh5 13. Bg5 f6 14. Be3 Ng3 15. Rg1 Re8 16. Qd2 Nf7 17. O-O-O Nxe4 18. Nxe4 Rxe4 19. Bd3 Rxe3 20. Kb1 Rxd3 21. Qxd3 Bf5 0-1


[Site "https://www.chess.com"]

[Event "Titled Tuesday Blitz August 09 Early 2022"]
[White "Ezov"]
[Black "Butti, Enrique"]
[BlackFideId "3700470"]
[WhiteElo "2283"]
[BlackElo "2080"]
[Result "1-0"]
[Round "08"]
[TimeControl "180+1"]
[Date "2022.08.09"]
[WhiteClock "0:02:35"]
[BlackClock "0:02:44"]

1. d4 c5 2. Nf3 cxd4 3. Nxd4 d5 4. g3 e5 5. Nb3 Nc6 6. Bg2 Be6 7. O-O Qd7 8. Nc3 Nge7 9. Nc5 Qd6 10. Nxe6 fxe6 11. Nb5 Qd7 12. c4 dxc4 13. Qxd7+ Kxd7 14. Na3 1-0


[Site "https://www.chess.com"]

[Event "Titled Tuesday Blitz August 09 Early 2022"]
[White "Fernandez Siles, Luis"]
[Black "Quirke, Jeffrey"]
[WhiteFideId "2209420"]
[BlackFideId "2013029"]
[WhiteElo "2211"]
[BlackElo "2227"]
[Result "1-0"]
[Round "08"]
[TimeControl "180+1"]
[Date "2022.08.09"]
[WhiteClock "0:01:11"]
[BlackClock "0:00:01"]

1. e4 e5 2. Nf3 Nc6 3. Bc4 Nf6 4. d4 exd4 5. O-O Nxe4 6. Nc3 dxc3 7. Bxf7+ Kxf7 8. Qd5+ Ke8 9. Re1 Be7 10. Rxe4 Nb4 11. Qh5+ g6 12. Qe5 d5 13. Qxh8+ Kd7 14. Rxe7+ Qxe7 15. Bg5 cxb2 16. Qxb2 Qe6 17. Qxb4 1-0


[Site "https://www.chess.com"]

[Event "Titled Tuesday Blitz August 09 Early 2022"]
[White "Filippova, Margarita"]
[Black "Martin Alvarez, Inigo"]
[WhiteFideId "34199680"]
[BlackFideId "2259354"]
[WhiteElo "1734"]
[BlackElo "2303"]
[Result "1-0"]
[Round "08"]
[TimeControl "180+1"]
[Date "2022.08.09"]
[WhiteClock "0:02:03"]
[BlackClock "0:01:23"]

1. Nf3 g6 2. c4 Bg7 3. Nc3 d6 4. e4 f5 5. d4 Nf6 6. e5 dxe5 7. Nxe5 Nbd7 8. Nxd7 Bxd7 9. Be2 O-O 10. O-O c5 11. d5 e6 12. Bf3 exd5 13. Nxd5 Rb8 14. Bf4 Rc8 15. Qb3 Bc6 16. Rad1 Qe8 17. Rfe1 Qf7 18. Ne7+ Kh8 19. Nxc8 Rxc8 20. Bxc6 Rxc6 21. Be5 h6 22. Qd3 Ne4 23. Bxg7+ Kxg7 24. b3 Rd6 25. Qe3 Qd7 26. Rxd6 Qxd6 27. f3 Ng5 28. Qe7+ Nf7 29. Qxd6 Nxd6 30. Re7+ Kf6 31. Rd7 Ke5 32. Kf2 g5 33. Rh7 b5 34. cxb5 Nxb5 35. Rb7 a6 36. Rb6 Nc3 37. Rxa6 h5 38. a4 g4 39. Ra8 Nd1+ 40. Ke1 Nb2 41. a5 Nd3+ 42. Kd2 Nf4 43. g3 Nd5 44. f4+ Kd6 45. a6 Kc6 46. Rf8 1-0


[Site "https://www.chess.com"]

[Event "Titled Tuesday Blitz August 09 Early 2022"]
[White "Floresvillar Gonzalez, Luis Migu"]
[Black "Vifleemskaia, Svetlana"]
[WhiteFideId "5100542"]
[BlackFideId "4129490"]
[WhiteElo "2040"]
[BlackElo "1929"]
[Result "1/2-1/2"]
[Round "08"]
[TimeControl "180+1"]
[Date "2022.08.09"]
[WhiteClock "0:00:18"]
[BlackClock "0:00:29"]

1. d4 Nf6 2. c3 d5 3. Bg5 Ne4 4. h4 h6 5. Bf4 c5 6. e3 Nc6 7. Nd2 Bf5 8. f3 Nxd2 9. Qxd2 e6 10. Bd3 Bxd3 11. Qxd3 Bd6 12. Bxd6 Qxd6 13. f4 cxd4 14. cxd4 Qb4+ 15. Qd2 Rc8 16. Nf3 f5 17. Rc1 a5 18. a3 Qxd2+ 19. Kxd2 Kd7 20. Rc5 b6 21. Rc3 Kd6 22. Rhc1 Ne7 23. Ne5 Rxc3 24. Nf7+ Kd7 25. Rxc3 Rc8 26. Ne5+ Kd6 27. Rxc8 Nxc8 28. Kc3 Na7 29. a4 Nc6 30. Nxc6 Kxc6 31. b4 Kd6 32. h5 Ke7 33. bxa5 bxa5 34. Kd3 Kf6 35. Ke2 g5 36. hxg6 Kxg6 37. Kf3 h5 38. Kg3 Kf6 39. Kh4 Kg6 40. Kh3 Kf6 41. Kg3 Kg6 42. Kh4 Kh6 43. Kg3 Kg6 44. Kh3 Kh6 45. Kg3 Kg6 1/2-1/2


[Site "https://www.chess.com"]

[Event "Titled Tuesday Blitz August 09 Early 2022"]
[White "Garriga Cazorla, Pere"]
[Black "Le, Tuan Minh"]
[WhiteFideId "32011601"]
[BlackFideId "12401153"]
[WhiteElo "2826"]
[BlackElo "2976"]
[Result "0-1"]
[Round "08"]
[TimeControl "180+1"]
[Date "2022.08.09"]
[WhiteClock "0:01:34"]
[BlackClock "0:00:20"]

1. d4 d5 2. c4 c6 3. Nf3 Nf6 4. Nc3 a6 5. e3 Bf5 6. Nh4 Be4 7. f3 Bg6 8. Bd2 e6 9. Qb3 b5 10. cxb5 cxb5 11. Nxg6 hxg6 12. a4 b4 13. Ne2 a5 14. Nf4 Bd6 15. Bb5+ Nbd7 16. O-O-O O-O 17. g4 Nb6 18. Kb1 Rc8 19. h4 Nc4 20. Bc1 Qe7 21. Ne2 Rc7 22. h5 Rfc8 23. hxg6 fxg6 24. e4 dxe4 25. g5 Nh5 26. fxe4 e5 0-1


[Site "https://www.chess.com"]

[Event "Titled Tuesday Blitz August 09 Early 2022"]
[White "Gatterer, Florian"]
[Black "Orlov, Georgi"]
[WhiteFideId "811688"]
[BlackFideId "2011271"]
[WhiteElo "2218"]
[BlackElo "2582"]
[Result "0-1"]
[Round "08"]
[TimeControl "180+1"]
[Date "2022.08.09"]
[WhiteClock "0:01:53"]
[BlackClock "0:01:55"]

1. c4 Nc6 2. Nf3 e5 3. Nc3 f5 4. d4 e4 5. d5 exf3 6. dxc6 bxc6 7. gxf3 Nf6 8. Rg1 g6 9. b3 Bg7 10. Bb2 O-O 11. Qc2 d6 12. O-O-O Qe7 13. e3 Be6 14. Bd3 Rab8 15. Rde1 Nd7 16. f4 Nc5 17. Be2 a5 18. Bf3 a4 19. Nxa4 Nxa4 20. Bxg7 Qxg7 21. b4 Rxb4 0-1


[Site "https://www.chess.com"]

[Event "Titled Tuesday Blitz August 09 Early 2022"]
[White "Gheorghiu, Calin"]
[Black "Goldin, Roman"]
[WhiteFideId "1200305"]
[BlackFideId "2803860"]
[WhiteElo "2168"]
[BlackElo "2312"]
[Result "0-1"]
[Round "08"]
[TimeControl "180+1"]
[Date "2022.08.09"]
[WhiteClock "0:00:38"]
[BlackClock "0:00:04"]

1. e4 Nc6 2. f4 d5 3. e5 h5 4. d4 Nh6 5. Nf3 Bg4 6. c3 Nf5 7. h3 Bxf3 8. Qxf3 h4 9. Bd3 Ng3 10. Rg1 e6 11. f5 exf5 12. Bf4 Ne4 13. Nd2 Be7 14. O-O-O Qd7 15. Be3 O-O-O 16. Kb1 g6 17. a3 Na5 18. b4 Nxc3+ 19. Kc2 Qa4+ 20. Kxc3 Qxa3+ 21. Kc2 Qa2+ 22. Kc3 Bxb4+ 23. Kxb4 Qb2+ 24. Kxa5 Qa3+ 25. Kb5 a6# 0-1


[Site "https://www.chess.com"]

[Event "Titled Tuesday Blitz August 09 Early 2022"]
[White "Gombocz, Ferenc Jr."]
[Black "Delorme, Axel"]
[WhiteFideId "775029"]
[BlackFideId "632023"]
[WhiteElo "1913"]
[BlackElo "2474"]
[Result "1-0"]
[Round "08"]
[TimeControl "180+1"]
[Date "2022.08.09"]
[WhiteClock "0:01:57"]
[BlackClock "0:01:02"]

1. c4 c6 2. g3 Nf6 3. Bg2 d5 4. Nf3 e6 5. O-O Be7 6. Nc3 O-O 7. d4 a6 8. b3 b5 9. c5 a5 10. Re1 Ne4 11. Nxe4 dxe4 12. Ne5 f6 13. Ng4 h5 14. Ne3 f5 15. f3 exf3 16. Bxf3 g6 17. Ng2 Bf6 18. Bb2 a4 19. b4 a3 20. Bc3 Nd7 21. Nf4 Kf7 22. e4 Re8 23. Bxh5 gxh5 24. Qxh5+ Kf8 25. Qh7 Re7 26. Ng6+ Ke8 27. Qg8+ Nf8 28. Qxf8+ Kd7 29. Qxf6 Rh7 30. Nf8+ Qxf8 31. Qxf8 1-0


[Site "https://www.chess.com"]

[Event "Titled Tuesday Blitz August 09 Early 2022"]
[White "Grot, Blazej"]
[Black "Adewumi, Tanitoluwa"]
[WhiteFideId "21835845"]
[BlackFideId "30966396"]
[WhiteElo "1614"]
[BlackElo "2521"]
[Result "0-1"]
[Round "08"]
[TimeControl "180+1"]
[Date "2022.08.09"]
[WhiteClock "0:01:22"]
[BlackClock "0:00:04"]

1. e4 c5 2. Nf3 e6 3. d4 cxd4 4. Nxd4 Nc6 5. Nc3 Qc7 6. Be2 a6 7. O-O Nf6 8. Be3 Be7 9. f4 d6 10. Kh1 O-O 11. Qe1 Nxd4 12. Bxd4 e5 13. Be3 Be6 14. f5 Bc4 15. Bxc4 Qxc4 16. Bg5 Rac8 17. Rd1 Qb4 18. Qg3 Nh5 19. Qh4 Bxg5 20. Qxg5 Nf6 21. Nd5 Nxd5 22. Rxd5 f6 23. Qc1 Qxe4 24. Rxd6 Rxc2 25. Qxc2 Qxc2 26. Rb6 Rd8 27. Rxb7 Rd1 28. Kg1 Qc5+ 29. Kh1 Rxf1# 0-1


[Site "https://www.chess.com"]

[Event "Titled Tuesday Blitz August 09 Early 2022"]
[White "Gubanov, Oleg"]
[Black "Lakshmi C"]
[WhiteFideId "14115115"]
[BlackFideId "25035347"]
[WhiteElo "2080"]
[BlackElo "1775"]
[Result "1-0"]
[Round "08"]
[TimeControl "180+1"]
[Date "2022.08.09"]
[WhiteClock "0:00:11"]
[BlackClock "0:00:05"]

1. e4 e5 2. Nf3 Nc6 3. c3 Nf6 4. d4 Nxe4 5. d5 Ne7 6. Nxe5 d6 7. Nf3 Nf6 8. c4 Bg4 9. Be2 Ng6 10. O-O Be7 11. h3 Bd7 12. Re1 O-O 13. b3 c6 14. Nc3 Qa5 15. Bd2 Qc7 16. Be3 Rfe8 17. Qd2 Bf5 18. Nd4 Bd7 19. Rad1 Bf8 20. dxc6 bxc6 21. Bd3 Ne5 22. Bf5 Be6 23. Bxe6 fxe6 24. Bf4 Nfd7 25. Bg3 Rad8 26. Qf4 Nf6 27. Qe3 Ned7 28. Nxe6 Qa5 29. Qd2 Rc8 30. Nxf8 Nxf8 31. Rxe8 Nxe8 32. Ne4 d5 33. Qxa5 1-0


[Site "https://www.chess.com"]